AoeStats
← JFGPLA02

Arabia

510192884Analyzed
1v1 RM · 1d ago on Sep 29, 2026· 55m 2s· 2 players
Game mode
Random Map
Map size
Tiny (2 player)
Population
200
Speed
Normal
Resources
Standard
Victory
Conquest
Starting age
Dark Age
Ending age
Imperial Age
RankedLock teamsTeams togetherTeam positionsShared explorationLock speedFull tech treeHidden civsTurbo modeCheats
Victory
Defeat
🇨🇴 Vietnamese · Colombia
503
+18
🇨🇴 Malians · Colombia
537
-23
zXproXz
1:07 Loom
12:11 Feudal Age
13:12 Man-at-Arms
13:46 Gold Mining
13:50 Stone Mining
15:42 Arson
17:26 Bloodlines
19:38 Wheelbarrow
19:21 Double-Bit Axe
19:19 Horse Collar
28:55 Castle Age
28:03 Padded Archer Armor
28:06 Scale Mail Armor
28:16 Forging
27:57 Fletching
30:42 Hand Cart
30:35 Squires
31:15 Bow Saw
33:45 Leather Archer Armor
33:25 Bodkin Arrow
34:07 Iron Casting
36:12 Pikeman
36:12 Long Swordsman
37:32 Heavy Plow
40:20 Treadmill Crane
40:51 Masonry
44:56 Elite Skirmisher
53:03 Imperial Age
JFGPLA02
10:38 Feudal Age
12:01 Wheelbarrow
11:12 Town Watch
11:14 Loom
11:26 Double-Bit Axe
13:22 Horse Collar
18:33 Gold Mining
22:56 Castle Age
21:01 Stone Mining
29:10 Fletching
46:21 Tigui
51:00 Bodkin Arrow
Connection lost

Rejoining the realm…

Still unreachable

The connection could not be restored.

Session expired

The server has moved on; the page needs a fresh start.